 Dungeon Crawl Stone Soup version 0.31-a0-152-g6aa68a64a1 (webtiles) character file.

Game seed: 621118313336697262

37 qw the Shooter (level 3, 0/32 HPs)
             Began as a Naga Hunter on June 11, 2023.
             Slain by a goblin
             ... wielding a +0 club
             ... led by Robin
              (5 damage)
             ... on level 2 of the Dungeon.
             The game lasted 00:00:19 (709 turns).

qw the Shooter (Naga Hunter)                         Turns: 709, Time: 00:00:19

Health: 0/32       AC:  2    Str: 13    XL:     3   Next: 41%
Magic:  3/3        EV:  9    Int:  9    God:
Gold:   34         SH:  0    Dex: 16    Spells: 2/2 levels left

rFire   . . .        Y - +0 shortbow
rCold   . . .        (shield currently unavailable)
rNeg    . . .        c - +0 leather armour
rPois   +            (no helmet)
rElec   .            (no cloak)
rCorr   .            (no gloves)
SInv    +            (no barding)
Will    .....        (no amulet)
Stlth   ++           (no ring)
HPRegen 0.25/turn    (no ring)
MPRegen 0.08/turn

%: no passive effects
@: short of breath, very slow
A: AC +1, large, see invisible, deformed body, poison resistance, slowness 2,
spit poison 1, naga tail 1
a: Spit Poison


You were on level 2 of the Dungeon.
You visited 1 branch of the dungeon, and saw 2 of its levels.

You collected 34 gold pieces.


Innate Abilities, Weirdness & Mutations

Your serpentine skin is tough. (AC +1)
You have supernaturally acute eyesight. (SInv)
Armour fits poorly on your strangely shaped body.
Your system is resistant to poisons. (rPois)
You cover ground very slowly.
You can spit poison.
You have a snake-like lower body.


   Skills:
 - Level 2.0 Fighting
 + Level 4.7 Ranged Weapons
 - Level 1.5 Dodging
 - Level 1.5 Stealth


You had 2 spell levels left.
You didn't know any spells.
Your spell library was empty.

Inventory:

Hand Weapons
 Y - a +0 shortbow (weapon)
Armour
 c - a +0 leather armour (worn)
Scrolls
 f - 2 scrolls of teleportation
Potions
 d - a potion of cancellation {unknown}
 h - a potion of heal wounds {unknown}
 j - a potion of brilliance {unknown}

Dungeon Overview and Level Annotations

Branches:
Dungeon (2/15)

Altars:

Annotations:
D:2 Robin


Message History

The arrow hits the goblin but does no damage.
The goblin is heavily wounded.
Robin roars a battlecry!
The goblins go into a battle-frenzy!
A goblin comes into view. It is wielding a +0 club.
The goblin shouts!
You shoot an arrow. The arrow hits the goblin.
You kill the goblin!
You have got your breath back.
A goblin comes into view. It is wielding a +0 dagger.
Robin throws the goblin at you!
704 ||| INVOKING Spit Poison.
Aiming: Spit Poison (2% risk of failure)
Press: ? - help, Shift-Dir - straight line, f - goblin The splash of poison hits the goblin.
The goblin is poisoned.
You kill the goblin!
The goblin hits you but does no damage. Robin throws the goblin at you!
You shoot an arrow. The arrow hits the goblin.
The goblin is moderately wounded.
The goblin barely misses you. x3
706 ||| Stepping ~*~*~tactically~*~*~ (outnumbered).
The goblin attacks as you move away! The goblin hits you with a +0 dagger.
You have got your breath back.
The goblin hits you with a +0 dagger.
707 ||| INVOKING Spit Poison.
Aiming: Spit Poison (2% risk of failure)
Press: ? - help, Shift-Dir - straight line, f/p - goblin The splash of poison hits the goblin.
The goblin is poisoned.
You kill the goblin!
The goblin hits you with a +0 club. The goblin hits you with a +0 dagger.
Robin throws the goblin at you! The goblin misses you.
You shoot an arrow. The arrow closely misses the goblin.
The goblin hits you with a +0 club. The goblin closely misses you.
The goblin misses you. The goblin hits you with a +0 dagger.
You shoot an arrow. The arrow hits the goblin!
You kill the goblin!
The goblin hits you but does no damage. The goblin barely misses you.
The goblin hits you with a +0 club. The goblin misses you.
The goblin hits you with a +0 club.
You die...

#####..%.....########
#.....<.#.:.........#
##.#.#...#.#########.#
.#.###...#.# #.....#
.#.........# #.#####
.#.#......######.#
..##.............#####.##
...#......#####ggg)g.....
####............@g.#.....
...........#####gg.......
###.......... #.#.#...##
..#.#####..#. ..#.#...#
#.# .#.#.# #.# .#.#.. .#
. ..### # ###


You could see Robin and 6 goblins.

Vanquished Creatures
  A dart slug (D:1)
  3 endoplasms (D:1)
  5 giant cockroaches (D:1)
  7 goblins
  4 hobgoblins (D:1)
  4 jackals
  A quokka (D:1)
  A ball python (D:1)
  2 frilled lizards (D:1)
  A kobold (D:1)
  A rat (D:1)
30 creatures vanquished.

Notes
Turn   | Place    | Note
-------+----------+-------------------------------------------
     0 | D:1      | qw the Naga Hunter began the quest for the Orb.
     0 | D:1      | Reached XP level 1. HP: 19/19 MP: 1/1
     0 | D:1      | 0 ||| qw: Version: 0.2-a-29-g99eb96e
     0 | D:1      | 0 ||| qw: Game counter: 4082
     0 | D:1      | 0 ||| qw: Always use a shield: true
     0 | D:1      | 0 ||| qw: God list: Okawaru
     0 | D:1      | 0 ||| qw: Allow faded altars: false
     0 | D:1      | 0 ||| qw: Do Orc after D:15 true
     0 | D:1      | 0 ||| qw: Do second Lair branch before Depths: true
     0 | D:1      | 0 ||| qw: Lair rune preference: random
     0 | D:1      | 0 ||| qw: Plans: Normal
     0 | D:1      | 0 ||| PLANNING D:1-11
    11 | D:1      | 11 ||| INVOKING Spit Poison.
    34 | D:1      | 34 ||| INVOKING Spit Poison.
    39 | D:1      | 39 ||| INVOKING Spit Poison.
    40 | D:1      | Reached skill level 4 in Ranged Weapons
    40 | D:1      | Reached XP level 2. HP: 26/26 MP: 2/2
    55 | D:1      | 55 ||| INVOKING Spit Poison.
    58 | D:1      | 58 ||| INVOKING Spit Poison.
    61 | D:1      | 61 ||| INVOKING Spit Poison.
   133 | D:1      | 133 ||| INVOKING Spit Poison.
   141 | D:1      | 141 ||| INVOKING Spit Poison.
   142 | D:1      | 142 ||| INVOKING Spit Poison.
   160 | D:1      | 160 ||| INVOKING Spit Poison.
   187 | D:1      | 187 ||| INVOKING Spit Poison.
   197 | D:1      | 197 ||| INVOKING Spit Poison.
   203 | D:1      | 203 ||| INVOKING Spit Poison.
   206 | D:1      | Reached XP level 3. HP: 24/32 MP: 3/3
   274 | D:1      | 274 ||| INVOKING Spit Poison.
   375 | D:1      | 375 ||| INVOKING Spit Poison.
   499 | D:1      | 499 ||| READING scroll labelled FITOGA JAC.
   500 | D:1      | 500 ||| READING 3 scrolls labelled LIDDAFFA UNAUTZ.
   505 | D:1      | 505 ||| READING scroll labelled JYOTEJ BUFA OTAI.
   506 | D:1      | 506 ||| READING scroll labelled HUNOTE NILOW.
   507 | D:1      | 507 ||| DROPPING scroll of butterflies.
   526 | D:2      | 526 ||| INVOKING Spit Poison.
   530 | D:2      | 530 ||| STAIRDANCE
   532 | D:1      | 532 ||| INVOKING Spit Poison.
   536 | D:1      | 536 ||| INVOKING Spit Poison.
   537 | D:1      | HP: 7/32 [jackal (3)]
   538 | D:1      | 538 ||| READING 2 scrolls of teleportation.
   700 | D:2      | 700 ||| INVOKING Spit Poison.
   701 | D:2      | Identified the +0 helmet "Zoamuj" {rPois rN+ Int+2}
   701 | D:2      | Noticed Robin
   704 | D:2      | 704 ||| INVOKING Spit Poison.
   706 | D:2      | 706 ||| Stepping ~*~*~tactically~*~*~ (outnumbered).
   707 | D:2      | 707 ||| INVOKING Spit Poison.
   709 | D:2      | HP: 5/32 [goblin/+0 club[Robin] (5)]
   709 | D:2      | Slain by a goblin

Levels and vault maps discovered:
D:1:      eino_arrival_tree_alley, layout_rooms, kennysheep_boxes
D:2:      layout_basic, serial_shops, nicolae_shop_gibbet_a_chance,
          chequers_jeans, minmay_lizard_king, uniq_jessica, uniq_robin

Skill      XL: |  1 |
---------------+----+-----
Ranged Weapons | 4 |  4.7
Fighting       | |  2.0
Dodging        | |  1.5
Stealth        | |  1.5

Action                     || total
---------------------------++-------
   Fire: Shortbow          ||    52
Ability: Spit Poison       ||    20
    Use: Scroll            ||     5
 Armour: Leather armour    ||    14
  Dodge: Dodged            ||    30

Table legend:
 A = Non-vault XP
 B = Vault XP
 C = Vault XP percentage of total XP
 D = Non-vault monster count
 E = Vault monster count
 F = Vault count percentage of total count
                 A         B        C        D         E       F
            +---------+---------+-------+---------+---------+-------
      Total |      48 |       8 |  14.3 |      26 |       4 |  13.3
            +---------+---------+-------+---------+---------+-------
        D:1 |      46 |       0 |   0.0 |      25 |       0 |   0.0
        D:2 |       2 |       8 |  80.0 |       1 |       4 |  80.0
            +---------+---------+-------+---------+---------+-------
